 Dungeon Crawl Stone Soup version 0.17.0-28-g6e173f8 (webtiles) character file.

98 Badjas the Sneak (level 4, 0/29 HPs)
             Began as an Octopode Assassin on Nov 27, 2015.
             Was an Initiate of Ru.
             Slain by an orc (3 damage)
             ... on level 3 of the Dungeon.
             The game lasted 00:04:30 (1827 turns).

Badjas the Sneak (Octopode Assassin)                Turns: 1827, Time: 00:04:30

Health: 0/29       AC:  1    Str: 15      XL:     4   Next: 71%
Magic:  4/4        EV: 12    Int: 11 (14) God:    Ru [......]
Gold:   116        SH:  0    Dex: 13      Spells: 0 memorised, 3 levels left

rFire  . . .     SeeInvis .     a - +2 dagger
rCold  . . .     Clarity  .     (no shield)
rNeg   . . .     SustAt   .     (helmet restricted)
rPois  .         Gourm    .     (no amulet)
rElec  .         Spirit   .     (no ring)
rCorr  .         Warding  .     (no ring)
rMut   .         Stasis   .     (no ring)
MR     .....                    (no ring)
Stlth  +++++.....               (no ring)
                                (no ring)
                                (no ring)
                                (no ring)

@: mighty, not resistant to hostile enchantments, quite stealthy
A: almost no armour, amphibious, 8 rings, constrict 8, camouflage 1, gelatinous
body 1
a: Renounce Religion


You were on level 3 of the Dungeon.
You worshipped Ru.
Ru was noncommittal.
You were not hungry.

You visited 1 branch of the dungeon, and saw 3 of its levels.

You collected 116 gold pieces.

Inventory:

Hand Weapons
 a - a +2 dagger (weapon)
 b - a +0 blowgun
Missiles
 c - 7 poisoned needles
 d - 2 curare-tipped needles
Scrolls
 i - 2 scrolls of fear {unknown}
 j - a scroll of recharging {unknown}
 k - 2 scrolls of identify {unknown}
 m - 3 scrolls of teleportation {unknown}
 n - a scroll of magic mapping {unknown}
 q - a scroll of amnesia {unknown}
Potions
 f - a potion of haste {unknown}
 h - a potion of curing {unknown}
 o - a potion of degeneration
 r - a potion of berserk rage {unknown}
Comestibles
 e - 2 bread rations
 g - 3 meat rations
 p - a beef jerky


   Skills:
 + Level 2.2 Fighting
 - Level 2.0 Short Blades
 - Level 2.0 Throwing
 + Level 1.6 Dodging
 + Level 7.8 Stealth


You had 3 spell levels left.
You didn't know any spells.

Dungeon Overview and Level Annotations

Branches:
Dungeon (3/15)

Altars:
Kikubaaqudgha
Nemelex Xobeh
Okawaru
Ru
The Shining One

Portals:
Sewer: D:3

Annotations:
D:1 1 runed door


Innate Abilities, Weirdness & Mutations

You cannot wear most types of armour.
You are amphibious.
You can wear up to eight rings at the same time.
You can use your tentacles to constrict eight enemies at once.
Your skin changes colour to match your surroundings (Stealth).
Your rubbery body absorbs attacks (AC +1).


Message History

The kobold shouts!
You hear a shout!
A kobold comes into view. It is wielding a club.
The orc hits you. The orc hits you with a hand axe.
The orc hits you with a dagger. The orc barely misses you.
The orc hits you with a dagger.
The kobold throws a stone.
The stone hits you.
* * * LOW HITPOINT WARNING * * *
You see here a stone.
A giant cockroach comes into view.
Drink which item? (? for menu, Esc to quit)
It was a potion of degeneration.
There was something very wrong with that liquid.
You feel dopey. The orc hits you.
* * * LOW HITPOINT WARNING * * *
Drink which item? (? for menu, Esc to quit)
It was a potion of might.
You feel very mighty all of a sudden. The orc hits you.
You die...

#)# #.# ##.##.##### #.#
#.#####......... #.#
#.##..†..(....# ###. #.#
#.##.##.....<.#..... #.#
#.##.###.....)K..... #.#
#.##.# ##...†....... #.#
#.##.####o.....s....
#.###..†...###o.........
#...........@oK.........
#######..#.##K.###......
#.##.###.####...#.
#.##..†.....#....
#.##..##'##.# ...
#.##..#≈≈≈#......
#.###.#≈≈≈#...#
#.###.#≈∩≈#....
#.....#s≈≈#.###


You could see 2 orcs, a giant cockroach (wandering) and 3 kobolds.

Vanquished Creatures
  Natasha (D:3)
  A hound skeleton (D:3)
  An adder (D:3)
  2 oozes
  2 worms
  An orc (D:3)
  4 bats
  5 giant cockroaches
  7 goblins
  A hobgoblin (D:2)
  3 kobolds (D:1)
  A quokka (D:2)
  2 giant newts
  7 rats
38 creatures vanquished.

Notes
Turn   | Place    | Note
--------------------------------------------------------------
     0 | D:1      | Badjas the Octopode Assassin began the quest for the Orb.
     0 | D:1      | Reached XP level 1. HP: 14/14 MP: 1/1
     1 | D:1      | Found a runed door.
    48 | D:1      | Reached XP level 2. HP: 19/19 MP: 2/2
   202 | D:1      | Reached skill level 6 in Stealth
   655 | D:2      | Reached XP level 3. HP: 24/24 MP: 3/3
  1587 | D:3      | Found an ancient bone altar of Kikubaaqudgha.
  1587 | D:3      | Found an iron altar of Okawaru.
  1589 | D:3      | Found a glowing golden altar of the Shining One.
  1592 | D:3      | Found a sparkling altar of Nemelex Xobeh.
  1593 | D:3      | Found a sacrificial altar of Ru.
  1627 | D:3      | Became a worshipper of Ru the Awakened
  1682 | D:3      | Noticed Natasha
  1686 | D:3      | Reached skill level 7 in Stealth
  1701 | D:3      | Found a glowing drain.
  1706 | D:3      | Reached XP level 4. HP: 26/29 MP: 4/4
  1819 | D:3      | Killed Natasha
  1827 | D:3      | Slain by an orc

Action                   |  1- 3 |  4- 6 || total
-------------------------+-------+-------++-------
Melee: Dagger            |    46 |    14 ||    60
 Fire: Blowgun           |     1 |       ||     1
  Use: Potion            |       |     2 ||     2
 Stab: Sleeping          |    24 |     2 ||    26
  Eat: Chunk             |     2 |     1 ||     3
